 Dungeon Crawl Stone Soup version 0.23-a0-338-g8ff0b24 (webtiles) character file.

356 MisterFreud the Chopper (level 6, -5/55 HPs)
             Began as a Deep Dwarf Fighter on Oct 18, 2018.
             Slain by an iguana (10 damage)
             ... on level 4 of the Dungeon.
             The game lasted 00:05:44 (2543 turns).

MisterFreud the Chopper (Deep Dwarf Fighter)        Turns: 2543, Time: 00:05:45

Health: -5/55      AC:  6    Str: 22    XL:     6   Next: 36%
Magic:  6/6        EV:  7    Int:  8    God:
Gold:   231        SH: 10    Dex: 12    Spells: 5/5 levels left

rFire    . . .     SeeInvis .   a - +1 war axe
rCold    . . .     Gourm    .   c - +1 shield
rNeg     . . .     Faith    .   b - +0 scale mail
rPois    .         Spirit   .   (no helmet)
rElec    .         Reflect  .   (no cloak)
rCorr    .         Harm     .   (no gloves)
MR       .....                  (no boots)
Stlth    ..........             h - amulet of the acrobat
HPRegen  0.00/turn              (no ring)
MPRegen  0.10/turn              (no ring)

@: non-regenerating
A: damage resistance, heal wounds, sense surroundings 1, no regeneration
a: Heal Wounds


You were on level 4 of the Dungeon.
You were not hungry.

You visited 1 branch of the dungeon, and saw 4 of its levels.
You also visited: Sewer.

You collected 231 gold pieces.

Inventory:

Hand Weapons
 a - a +1 war axe (weapon)
Missiles
 e - 65 bolts
 g - 130 stones (quivered)
 k - 14 poisoned needles
 p - 30 arrows
 s - 17 sling bullets
Armour
 b - a +0 scale mail (worn)
 c - a +1 shield (worn)
 y - a +0 buckler
Jewellery
 h - an amulet of the acrobat (around neck)
 u - an uncursed ring of ice
Wands
 n - a wand of polymorph (11)
 t - a wand of digging (14)
Scrolls
 i - 3 scrolls of identify
 j - 2 scrolls of teleportation
 l - 2 scrolls of magic mapping
Potions
 d - a potion of might
 m - a potion of resistance
 q - a potion of berserk rage
 x - a potion of haste
 z - a potion of agility {unknown}
Miscellaneous
 w - a phantom mirror
Comestibles
 f - 5 rations


   Skills:
 - Level 2.6 Fighting
 + Level 7.5 Axes
 - Level 3.2 Armour
 - Level 3.2 Shields


You had 5 spell levels left.
You didn't know any spells.
Your spell library was empty.

Dungeon Overview and Level Annotations

Branches:
Dungeon (4/15)
 Temple: D:4-7

Altars:
Zin


Innate Abilities, Weirdness & Mutations

You are resistant to damage.
You can heal yourself by infusing magical energy.
You passively map a small area around you.
You do not regenerate.


Message History

There is a stone staircase leading down here.
Things that are here:
a +0 scale mail; a +0 trident
There is a stone staircase leading down here.
You climb downwards.
There is a stone staircase leading up here.
An orc comes into view.
It is wielding a +0 flail of holy wrath.
The orc shouts!
An iguana comes into view.
Found a glowing dark potion.
The iguana hisses angrily.
There is a stone staircase leading up here.
You hit the iguana.
The iguana is lightly wounded.
The iguana bites you.
* * * LOW HITPOINT WARNING * * *
You barely miss the iguana.
The iguana is lightly wounded.
The iguana bites you!
You die...

, #.* .. *, .#*
#. , , *..# .. ,
,, **..*.#
#.#.##.#,.#.#
#... .. .#.#
#..#*,..#...####
,
#@##,#.........
#l.# #.........
#o.#,#.........
* *
#..#.#.........
.......<.# , **
...........#*
,o............#
, ,
..............#
,
#!.............#


You could see an iguana and an orc.

Vanquished Creatures
  A centaur (D:3)
  A crocodile (Sewer)
  Ijyb (D:3)
  Jessica (D:2)
  Terence (D:3)
  A gnoll (D:1)
  A river rat (D:3)
  3 adders
  An ooze (D:1)
  3 worms
  3 dart slugs (D:1)
  4 leopard geckos
  11 bats
  3 giant cockroaches
  9 goblins
  5 hobgoblins
  A jackal (D:2)
  6 kobolds
  2 frilled lizards (D:2)
  8 rats
66 creatures vanquished.

Notes
Turn   | Place    | Note
-------+----------+-------------------------------------------
     0 | D:1      | MisterFreud the Deep Dwarf Fighter began the quest for the
                  | Orb.
     0 | D:1      | Reached XP level 1. HP: 20/20 MP: 1/1
   104 | D:1      | Reached skill level 3 in Axes
   104 | D:1      | Reached XP level 2. HP: 27/27 MP: 2/2
   376 | D:1      | Reached XP level 3. HP: 31/33 MP: 3/3
   462 | D:1      | Reached skill level 4 in Axes
  1013 | D:2      | Reached XP level 4. HP: 13/40 MP: 4/4
  1348 | D:2      | Noticed Jessica
  1357 | D:2      | Killed Jessica
  1357 | D:2      | Reached skill level 5 in Axes
  1574 | D:3      | Noticed Ijyb
  1588 | D:3      | Killed Ijyb
  1588 | D:3      | Reached XP level 5. HP: 39/46 MP: 5/5
  1644 | D:3      | Found a glowing silver altar of Zin.
  1715 | D:3      | Noticed a centaur
  1727 | D:3      | Killed a centaur
  1727 | D:3      | Reached skill level 6 in Axes
  1785 | D:3      | Found a glowing drain.
  1828 | Sewer    | Entered a sewer
  1868 | Sewer    | Noticed a crocodile
  1877 | Sewer    | Killed a crocodile
  1877 | Sewer    | Reached skill level 7 in Axes
  1877 | Sewer    | Reached XP level 6. HP: 16/55 MP: 6/6
  2014 | D:3      | Noticed Terence
  2027 | D:3      | Killed Terence
  2543 | D:4      | Slain by an iguana

Vault maps used:
D:1:      scummos_arrival_checkerplants
D:2:      minmay_tetromino_l4, uniq_jessica
D:3:      old_standard_altar, first_ration, cheibrodos_sewer_entry_sluice,
          uniq_terence, uniq_ijyb
Sewer:    sewer_big_baddie

Skill      XL: |  1  2  3  4  5 |
---------------+----------------+-----
Axes           | 3 4 5 7 |  7.5
Fighting       | |  2.6
Armour         | |  3.2
Shields        | |  3.2

Action                   |  1- 3 |  4- 6 || total
-------------------------+-------+-------++-------
Melee: War axe           |   126 |   116 ||   242
Throw: Stone             |       |     3 ||     3
 Abil: Heal Wounds       |       |     2 ||     2
  Use: Scroll            |     4 |     6 ||    10
  Eat: Chunk             |     1 |     5 ||     6
Armor: Scale mail        |    60 |    53 ||   113
Dodge: Dodged            |    45 |    25 ||    70
Block: Shield            |    76 |    59 ||   135

Table legend:
 A = Non-vault XP
 B = Vault XP
 C = Vault XP percentage of total XP
 D = Non-vault monster count
 E = Vault monster count
 F = Vault count percentage of total count
                 A         B        C        D         E       F
            +---------+---------+-------+---------+---------+-------
      Total |     259 |     250 |  49.1 |      52 |      14 |  21.2
            +---------+---------+-------+---------+---------+-------
        D:1 |      57 |       0 |   0.0 |      19 |       0 |   0.0
        D:2 |      45 |      41 |  47.7 |      18 |       3 |  14.3
        D:3 |     157 |      98 |  38.4 |      15 |       5 |  25.0
      Sewer |       0 |     111 | 100.0 |       0 |       6 | 100.0
            +---------+---------+-------+---------+---------+-------
